 Dungeon Crawl Stone Soup version 0.26-a0-1176-g060ceda6a5 (webtiles) character file.

Game seed: 13562540632650976072

85 tilp the Covert (level 4, -3/41 HPs)
             Began as a Gnoll Delver on Dec 24, 2020.
             Slain by a phantom (6 damage)
             ... on level 5 of the Dungeon.
             The game lasted 00:02:14 (681 turns).

tilp the Covert (Gnoll Delver)                       Turns: 681, Time: 00:02:14

Health: -3/41      AC:  8    Str: 15    XL:     4   Next: 48%
Magic:  5/5        EV:  8    Int: 13    God:
Gold:   23         SH:  0    Dex: 16    Spells: 5/5 levels left

rFire    . . .     SeeInvis .   d - +0 scimitar
rCold    . . .     Faith    .   (no shield)
rNeg     . . .     Spirit   .   i - +0 chain mail
rPois    .         Reflect  .   (no helmet)
rElec    .         Harm     .   (no cloak)
rCorr    .         Rampage  .   (no gloves)
Will     .....                  (no boots)
Stlth    +.........             (no amulet)
HPRegen  0.13/turn              (no ring)
MPRegen  0.09/turn              (no ring)

@: lethally poisoned (-3 -> -4)
A: distributed training, fangs 1, strong nose
a: no special abilities


You were on level 5 of the Dungeon.
You visited 1 branch of the dungeon, and saw 2 of its levels.

You collected 23 gold pieces.

Inventory:

Hand Weapons
 a - a +0 mace
 d - a +0 scimitar (weapon)
Armour
 i - a +0 chain mail (worn)
Wands
 g - a wand of digging (2)
Scrolls
 b - 2 scrolls of identify
 c - a scroll of fog
 e - a scroll of fear
 h - 3 scrolls of noise
Potions
 f - a potion of haste


   Skills:
 + Level 6.6 Fighting
 + Level 1.1 Short Blades
 + Level 1.1 Long Blades
 + Level 1.1 Axes
 + Level 4.6 Maces & Flails
 + Level 1.1 Polearms
 + Level 1.1 Staves
 + Level 1.1 Slings
 + Level 1.1 Bows
 + Level 1.1 Crossbows
 + Level 1.1 Throwing
 + Level 1.1 Armour
 + Level 4.6 Dodging
 + Level 9.6 Stealth
 + Level 1.1 Shields
 + Level 1.1 Unarmed Combat
 + Level 1.1 Spellcasting
 + Level 0.9 Conjurations
 + Level 0.9 Hexes
 + Level 0.9 Summonings
 + Level 0.9 Necromancy
 + Level 0.9 Translocations
 + Level 0.9 Transmutations
 + Level 0.9 Fire Magic
 + Level 0.9 Ice Magic
 + Level 0.9 Air Magic
 + Level 0.9 Earth Magic
 + Level 0.9 Poison Magic
 + Level 1.2 Invocations
 + Level 1.1 Evocations


You had 5 spell levels left.
You didn't know any spells.
Your spell library was empty.

Dungeon Overview and Level Annotations

Branches:
Dungeon (5/15)
 Temple: D:4-7

Altars:


Innate Abilities, Weirdness & Mutations

Your experience applies equally to all skills.
You have very sharp teeth.
Your uncanny sense of smell can sniff out nearby items.


Message History

The phantom hits you but does no damage.
You closely miss the frilled lizard. The frilled lizard closely misses you.
You riposte.
Your chain mail prevents you from hitting the frilled lizard.
Your bite misses the frilled lizard.
The phantom blinks!
You closely miss the frilled lizard. You bite the frilled lizard.
The frilled lizard is heavily wounded.
You feel sick. The frilled lizard bites you.
* * * LOW HITPOINT WARNING * * *
The phantom blinks!
The frilled lizard bites you but does no damage.
The frilled lizard bites you but does no damage.
You feel sick.
The phantom blinks!
You feel sick.
There is a stone staircase leading up here.
You slash the phantom! Your bite misses the phantom.
The phantom is moderately damaged.
The phantom hits you.
You die...

*,,,,,,#...,,,#....#,∆,*
#.....,#..,,,,#....#,,,*
#.....,#..,,,,#....#,,,*
#.....,#.####+#....#*,,*
#....###.#......#+##**+*
#....#..>#......#,,,*,,*
#....#...#......#,,,+,,*
#....#...'......#,,,*,,*
#...[#...#....W@#,,,*,,*
#....#####..l.[[#,,**,,*
####............#,,**,,*
#............#,,,,,,*
#............#,,,,,,*
#............#,,,,,,*
#............#*******
##############


You could see a phantom and a frilled lizard.

Vanquished Creatures
  2 orc wizards (D:5)
  A worker ant (D:4)
  An orc (D:4)
4 creatures vanquished.

Notes
Turn   | Place    | Note
-------+----------+-------------------------------------------
     0 | D:5      | Reached skill level 9 in Stealth
     0 | D:5      | tilp the Gnoll Delver began the quest for the Orb.
     0 | D:5      | Reached XP level 1. HP: 23/23 MP: 1/1
   109 | D:4      | Noticed an orc wizard
   109 | D:4      | Noticed an orc wizard
   125 | D:5      | Killed an orc wizard
   126 | D:5      | Reached XP level 2. HP: 12/29 MP: 2/2
   126 | D:5      | Reached XP level 3. HP: 15/35 MP: 3/3
   129 | D:5      | Reached skill level 1 in Short Blades
   129 | D:5      | Reached skill level 1 in Long Blades
   129 | D:5      | Reached skill level 1 in Axes
   129 | D:5      | Reached skill level 1 in Polearms
   129 | D:5      | Reached skill level 1 in Staves
   129 | D:5      | Reached skill level 1 in Slings
   129 | D:5      | Reached skill level 1 in Bows
   129 | D:5      | Reached skill level 1 in Crossbows
   129 | D:5      | Reached skill level 1 in Throwing
   129 | D:5      | Reached skill level 1 in Armour
   129 | D:5      | Reached skill level 1 in Shields
   129 | D:5      | Reached skill level 1 in Unarmed Combat
   129 | D:5      | Reached skill level 1 in Spellcasting
   129 | D:5      | Reached skill level 1 in Invocations
   129 | D:5      | Reached skill level 1 in Evocations
   129 | D:5      | Reached XP level 4. HP: 18/41 MP: 3/5
   307 | D:4      | HP: 1/41 [orc/+1 war axe of distortion (11)]
   623 | D:4      | Noticed a phantom
   661 | D:4      | Noticed an ogre
   681 | D:5      | Slain by a phantom

Illustrated notes

Levels and vault maps discovered:
D:4:      layout_loops_ring, nicolae_gozag_cash_rules_everything_around_me,
          minmay_temple_entry_offerings, serial_shops, nicolae_shop_waterfront,
          nicolae_zen_rock_garden, corexii_hall_statues_i
D:5:      layout_gridville, hex_medium, lightli_minifort, uniq_eustachio

Skill      XL: |  1  2  3 |
---------------+----------+-----
Stealth        | |  9.6
Short Blades   | 1 |  1.1
Long Blades    | 1 |  1.1
Axes           | 1 |  1.1
Polearms       | 1 |  1.1
Staves         | 1 |  1.1
Slings         | 1 |  1.1
Bows           | 1 |  1.1
Crossbows      | 1 |  1.1
Throwing       | 1 |  1.1
Armour         | 1 |  1.1
Shields        | 1 |  1.1
Unarmed Combat | 1 |  1.1
Spellcasting   | 1 |  1.1
Invocations    | 1 |  1.2
Evocations     | 1 |  1.1
Fighting       | |  6.6
Maces & Flails | |  4.6
Dodging        | |  4.6
Conjurations   | |  0.9
Hexes          | |  0.9
Summonings     | |  0.9
Necromancy     | |  0.9
Translocations | |  0.9
Transmutations | |  0.9
Fire Magic     | |  0.9
Ice Magic      | |  0.9
Air Magic      | |  0.9
Earth Magic    | |  0.9
Poison Magic   | |  0.9

Action                   |  1- 3 |  4- 6 || total
-------------------------+-------+-------++-------
Melee: Scimitar          |    17 |    17 ||    34
       Bite              |     2 |     5 ||     7
       Punch             |       |     1 ||     1
Evoke: Wand              |     1 |       ||     1
  Use: Scroll            |     1 |     2 ||     3
Armor: Chain mail        |    24 |    21 ||    45
Dodge: Dodged            |    17 |    13 ||    30
       Rpst.: Scimitar   |     5 |     4 ||     9

Table legend: (Time is in decaauts)
 A = Elapsed time spent in this place.
 B = Non-inter-level travel time spent in this place.
 C = Inter-level travel time spent in this place.
 D = Time resting spent in this place.
 E = Time spent auto-exploring this place.
 F = Levels seen in this place.
 G = Mean time per level.
                   A        B        C        D        E       F      G
               +--------+--------+--------+--------+--------+-----+--------+
         Total |    694 |    694 |      0 |    472 |      0 |   2 |  347.0 |
       Dungeon |    694 |    694 |      0 |    472 |      0 |   2 |  347.0 |
               +--------+--------+--------+--------+--------+-----+--------+

Top non-repeatable levels by time:
     D:5: 629 daAuts
     D:4: 64 daAuts
